 Dungeon Crawl Stone Soup version 0.28.0 (webtiles) character file.

Game seed: 4676564669798089382

388 Sanktem7 the Conjurer (level 6, -2/44 HPs)
             Began as a Gnoll Conjurer on Feb 8, 2022.
             Shot with an arrow by a centaur (13 damage)
             ... on level 4 of the Dungeon.
             The game lasted 00:12:24 (4291 turns).

Sanktem7 the Conjurer (Gnoll Conjurer)              Turns: 4291, Time: 00:12:25

Health: -2/44      AC:  2    Str:  6    XL:     6   Next: 79%
Magic:  10/14      EV: 13    Int: 19    God:
Gold:   208        SH:  0    Dex: 11    Spells: 12/15 levels left

rFire   . . .      SeeInvis .   h - +0 short sword (protect)
rCold   . . .      Faith    .   (no shield)
rNeg    . . .      Spirit   .   a - +0 robe
rPois   +          Reflect  .   (no helmet)
rElec   .          Harm     .   (no cloak)
rCorr   .          Rampage  .   (no gloves)
Will    .....                   (no boots)
Stlth   +++.......              n - amulet of magic regeneration
HPRegen 0.14/turn               k - ring of poison resistance
MPRegen 0.54/turn               (no ring)

@: no status effects
A: fangs 1, strong nose, distributed training
a: no special abilities


You were on level 4 of the Dungeon.
You visited 1 branch of the dungeon, and saw 4 of its levels.

You collected 208 gold pieces.

Inventory:

Hand Weapons
 h - a +0 short sword of protection (weapon)
Armour
 a - a +0 robe (worn)
Jewellery
 k - a ring of poison resistance (left hand)
 n - an amulet of magic regeneration (around neck)
Scrolls
 b - a scroll of noise
 c - a scroll of silence
 e - 2 scrolls of teleportation
 f - a scroll of enchant weapon
 g - 2 scrolls of magic mapping
 i - a scroll of immolation {unknown}
 j - 3 scrolls of enchant armour {unknown}
 m - a scroll of amnesia {unknown}
 p - 2 scrolls of identify
 q - a scroll of fog {unknown}
Potions
 d - a potion of attraction {unknown}
 l - a potion of heal wounds {unknown}
 o - a potion of curing {unknown}


   Skills:
 + Level 2.1 Fighting
 + Level 2.1 Short Blades
 + Level 2.1 Long Blades
 + Level 2.1 Axes
 + Level 2.1 Maces & Flails
 + Level 2.1 Polearms
 + Level 2.1 Staves
 + Level 2.1 Slings
 + Level 2.1 Bows
 + Level 2.1 Crossbows
 + Level 2.1 Throwing
 + Level 2.1 Armour
 + Level 5.0 Dodging
 + Level 4.7 Stealth
 + Level 2.1 Shields
 + Level 2.1 Unarmed Combat
 + Level 5.4 Spellcasting
 + Level 7.3 Conjurations
 + Level 1.6 Hexes
 + Level 1.6 Summonings
 + Level 1.6 Necromancy
 + Level 1.6 Translocations
 + Level 1.6 Transmutations
 + Level 1.6 Fire Magic
 + Level 1.6 Ice Magic
 + Level 1.6 Air Magic
 + Level 1.6 Earth Magic
 + Level 1.6 Poison Magic
 + Level 2.3 Invocations
 + Level 2.1 Evocations


You had 12 spell levels left.
You knew the following spells:

 Your Spells              Type           Power      Damage    Failure   Level
a - Magic Dart            Conj           100%       1d8       1%          1
b - Searing Ray           Conj           66%        2d6       1%          2

Your spell library contained the following spells:

 Spells                   Type           Power      Damage    Failure   Level
 Dazzling Flash           Conj/Hex       44%        N/A       5%          3
 Sublimation of Blood     Necr           11%        N/A       9%          2
 Wereblood                Tmut           11%        N/A       9%          2
 Fulminant Prism          Conj/Hex       11%        3d9       19%         4
 Iskenderun's Mystic Bla  Conj/Tloc      22%        2d6       19%         4
 Malign Gateway           Summ/Tloc      5%         N/A       100%        7
 Summon Hydra             Summ           5%         N/A       100%        7
 Summon Horrible Things   Summ           5%         N/A       100%        8


Dungeon Overview and Level Annotations

Branches:
Dungeon (4/15)             Temple (0/1) D:4

Altars:


Innate Abilities, Weirdness & Mutations

You have very sharp teeth.
Your uncanny sense of smell can sniff out nearby items.
Your experience applies equally to all skills.


Message History

Aim: a centaur, wielding a +0 shortbow and quivering arrows (lightly wounded, 100% to hit)
The magic dart hits the centaur.
The centaur is moderately wounded.
The centaur shoots an arrow.
The arrow barely misses you.
Casting: Magic Dart (safe; 1% risk of failure)
Confirm with . or Enter, or press ? or * to list all spells.
Aiming: Magic Dart (safe; 1% risk of failure)
Press: ? - help, Shift-Dir - straight line, f/p - centaur
Aim: a centaur, wielding a +0 shortbow and quivering arrows (moderately wounded, 100% to hit)
The magic dart hits the centaur.
The centaur is heavily wounded.
The centaur shoots an arrow.
The arrow hits you.
Casting: Magic Dart (safe; 1% risk of failure)
Confirm with . or Enter, or press ? or * to list all spells.
Aiming: Magic Dart (safe; 1% risk of failure)
Press: ? - help, Shift-Dir - straight line, f/p - centaur
Aim: a centaur, wielding a +0 shortbow and quivering arrows (heavily wounded, 100% to hit)
The magic dart hits the centaur but does no damage.
The centaur is heavily wounded.
The centaur shoots an arrow.
The arrow hits you!
Casting: Magic Dart (safe; 1% risk of failure)
Confirm with . or Enter, or press ? or * to list all spells.
Aiming: Magic Dart (safe; 1% risk of failure)
Press: ? - help, Shift-Dir - straight line, f/p - centaur
Aim: a centaur, wielding a +0 shortbow and quivering arrows (heavily wounded, 100% to hit)
The magic dart hits the centaur.
The centaur is severely wounded.
The centaur shoots an arrow.
The arrow hits you!
A sky beast comes into view.
The centaur shoots an arrow.
The arrow hits you.
* * * LOW HITPOINT WARNING * * *
Casting: Magic Dart (safe; 1% risk of failure)
Confirm with . or Enter, or press ? or * to list all spells.
Aiming: Magic Dart (safe; 1% risk of failure)
Press: ? - help, Shift-Dir - straight line, f/p - centaur
Aim: a centaur, wielding a +0 shortbow and quivering arrows (severely wounded, 100% to hit)
The magic dart hits the centaur but does no damage.
The centaur is severely wounded.
The centaur shoots an arrow.
The arrow hits you!
You die...

...## ....# ..
....# #.. c...#
#..# ....(#
....# ## ....#
.....##.#....#
.......#@#...#
........##...#
..........#..#
.........†...###
....#####.†....#
### #.#.##.#
##.#.## ...#..#
# #.###.#.#


You could see a centaur.

Vanquished Creatures
  A necrophage (D:3)
  A centaur skeleton (D:4)
  Crazy Yiuf (D:3)
  A hound (D:3)
  Natasha (D:4)
  Robin (D:3)
  8 adders
  A worm (D:3)
  2 dart slugs
  5 orcs (D:3)
  6 endoplasms
  14 giant cockroaches
  13 goblins
  6 hobgoblins
  8 kobolds
  2 quokkas (D:1)
  10 ball pythons
  9 bats
  4 frilled lizards
  6 rats
100 creatures vanquished.

Notes
Turn   | Place    | Note
-------+----------+-------------------------------------------
     0 | D:1      | Sanktem7 the Gnoll Conjurer began the quest for the Orb.
     0 | D:1      | Reached XP level 1. HP: 13/13 MP: 6/6
   288 | D:1      | Reached XP level 2. HP: 19/19 MP: 4/7
   993 | D:1      | Reached XP level 3. HP: 25/25 MP: 7/9
  1065 | D:1      | Reached skill level 5 in Spellcasting
  1512 | D:2      | Learned a level 2 spell: Searing Ray
  1576 | D:2      | Found a faded altar of an unknown god.
  1598 | D:2      | Reached skill level 1 in Invocations
  1611 | D:2      | Reached skill level 1 in Fighting
  1611 | D:2      | Reached skill level 1 in Short Blades
  1611 | D:2      | Reached skill level 1 in Long Blades
  1611 | D:2      | Reached skill level 1 in Axes
  1611 | D:2      | Reached skill level 1 in Maces & Flails
  1611 | D:2      | Reached skill level 1 in Polearms
  1611 | D:2      | Reached skill level 1 in Staves
  1611 | D:2      | Reached skill level 1 in Slings
  1611 | D:2      | Reached skill level 1 in Bows
  1611 | D:2      | Reached skill level 1 in Crossbows
  1611 | D:2      | Reached skill level 1 in Throwing
  1611 | D:2      | Reached skill level 1 in Armour
  1611 | D:2      | Reached skill level 1 in Shields
  1611 | D:2      | Reached skill level 1 in Unarmed Combat
  1611 | D:2      | Reached skill level 1 in Evocations
  1897 | D:2      | Reached XP level 4. HP: 32/32 MP: 8/11
  2469 | D:2      | Reached skill level 1 in Hexes
  2469 | D:2      | Reached skill level 1 in Summonings
  2469 | D:2      | Reached skill level 1 in Necromancy
  2469 | D:2      | Reached skill level 1 in Translocations
  2469 | D:2      | Reached skill level 1 in Transmutations
  2469 | D:2      | Reached skill level 1 in Fire Magic
  2469 | D:2      | Reached skill level 1 in Ice Magic
  2469 | D:2      | Reached skill level 1 in Air Magic
  2469 | D:2      | Reached skill level 1 in Earth Magic
  2469 | D:2      | Reached skill level 1 in Poison Magic
  2643 | D:3      | Reached XP level 5. HP: 34/37 MP: 8/12
  2733 | D:3      | Found a runed translucent door.
  2734 | D:3      | Noticed Crazy Yiuf
  2986 | D:3      | Noticed Robin
  2993 | D:3      | Killed Robin
  3529 | D:3      | Killed Crazy Yiuf
  3530 | D:3      | Reached XP level 6. HP: 20/44 MP: 9/13
  3734 | D:4      | Noticed a necrophage
  3746 | D:3      | HP: 1/41 [necrophage (3)]
  3748 | D:3      | Killed a necrophage
  3749 | D:3      | Reached skill level 5 in Dodging
  4212 | D:4      | Found a staircase to the Ecumenical Temple.
  4263 | D:4      | Noticed Natasha
  4268 | D:4      | Killed Natasha
  4290 | D:4      | Noticed a sky beast
  4291 | D:4      | Shot with an arrow by a centaur

Illustrated notes

Levels and vault maps discovered:
D:1:      dpeg_arrival_refuge, layout_loops_ring, serial_glass, glass_columns_b,
          glass_columns_a, due_unseen_surprise, item_on_display_a,
          item_on_display_a, nrook_campfire, grunt_decor_fettered, minivault_26,
          minmay_hedge_maze, minmay_ruptured
D:2:      layout_loops_cross, hellmonk_ecumenical_altar_leap_of_faith,
          minmay_liquid_box, minmay_pentomino_w4
D:3:      minmay_roachtagon, layout_loops_cross, st_stairs_3, dk_noncrumbling_3,
          uniq_robin, uniq_crazy_yiuf_cottage
D:4:      layout_loops_cross, mainiacjoe_overflow_paths,
          minmay_temple_entry_mist, serial_shops, nicolae_shop_stone,
          minmay_misc_feat_secret_circle, kennysheep_small_spiral, uniq_natasha

Skill      XL: |  1  2  3  4  5  6 |
---------------+-------------------+-----
Spellcasting   | 5 |  5.4
Invocations    | 1 2 |  2.3
Fighting       | 1 2 |  2.1
Short Blades   | 1 2 |  2.1
Long Blades    | 1 2 |  2.1
Axes           | 1 2 |  2.1
Maces & Flails | 1 2 |  2.1
Polearms       | 1 2 |  2.1
Staves         | 1 2 |  2.1
Slings         | 1 2 |  2.1
Bows           | 1 2 |  2.1
Crossbows      | 1 2 |  2.1
Throwing       | 1 2 |  2.1
Armour         | 1 2 |  2.1
Shields        | 1 2 |  2.1
Unarmed Combat | 1 2 |  2.1
Evocations     | 1 2 |  2.1
Hexes          | 1 |  1.6
Summonings     | 1 |  1.6
Necromancy     | 1 |  1.6
Translocations | 1 |  1.6
Transmutations | 1 |  1.6
Fire Magic     | 1 |  1.6
Ice Magic      | 1 |  1.6
Air Magic      | 1 |  1.6
Earth Magic    | 1 |  1.6
Poison Magic   | 1 |  1.6
Dodging        | 5 |  5.0
Stealth        | |  4.7
Conjurations   | |  7.3

Action                   |  1- 3 |  4- 6 || total
-------------------------+-------+-------++-------
Melee: Unarmed           |   111 |       ||   111
       Bite              |    28 |       ||    28
       Short sword       |    17 |       ||    17
       Punch             |     5 |       ||     5
 Cast: Magic Dart        |    62 |    97 ||   159
       Searing Ray       |     1 |    11 ||    12
  Use: Scroll            |       |     5 ||     5
Armor: Robe              |     6 |     9 ||    15
Dodge: Dodged            |    20 |    38 ||    58
